 Dungeon Crawl Stone Soup version 0.30.0-5-g1a98f26d00 (webtiles) character file.

Game seed: 10662831378863799916

144 jasper the Caller (level 5, -2/40 HPs)
             Began as a Hill Orc Wanderer on May 11, 2023.
             Slain by a scorpion (4 damage)
             ... on level 5 of the Dungeon.
             The game lasted 00:05:22 (2103 turns).

jasper the Caller (Hill Orc Wanderer)               Turns: 2103, Time: 00:05:22

Health: -2/40      AC:  7    Str: 12    XL:     5   Next: 26%
Magic:  6/6        EV: 10    Int: 14    God:
Gold:   53         SH:  0    Dex: 13    Spells: 4/6 levels left

rFire   + . .        a - +0 spear
rCold   . . .        (no shield)
rNeg    . . .        j - +0 ring mail
rPois   .            e - +2 hat
rElec   .            (no cloak)
rCorr   .            (no gloves)
SInv    .            (no boots)
Will    .....        (no amulet)
Stlth   +            m - ring of protection from fire
HPRegen 0.26/turn    (no ring)
MPRegen 0.10/turn

%: no passive effects
@: lethally poisoned (-2 -> -19)
A: no striking features
a: no special abilities


You were on level 5 of the Dungeon.
You visited 1 branch of the dungeon, and saw 5 of its levels.

You collected 53 gold pieces.

Inventory:

Hand Weapons
 a - a +0 spear (weapon)
Missiles
 f - 26 stones
 l - 2 poisoned darts
Armour
 d - a +0 robe
 e - a +2 hat (worn)
 j - a +0 ring mail (worn)
Jewellery
 m - a ring of protection from fire (left hand)
Wands
 b - a wand of flame (6)
Scrolls
 i - 2 scrolls of vulnerability
Potions
 g - a potion of curing
 p - a potion of brilliance {unknown}


   Skills:
 + Level 1.6 Fighting
 * Level 3.9 Polearms
 + Level 1.3 Armour
 - Level 1.0 Dodging
 - Level 1.0 Stealth
 - Level 1.0 Spellcasting
 + Level 4.3 Summonings
 - Level 2.0 Evocations


You had 4 spell levels left.
You knew the following spells:

 Your Spells              Type           Power      Damage    Failure   Level
b - Call Imp              Summ           24%        N/A       16%         2

Your spell library contained the following spells:

 Spells                   Type           Power      Damage    Failure   Level
 Summon Small Mammal      Summ           48%        N/A       10%         1
 Summon Guardian Golem    Hex/Summ       6%         N/A       58%         3
 Olgreb's Toxic Radiance  Pois           0%         N/A       99%         4
 Discord                  Hex            0%         N/A       100%        8
 Ignition                 Fire           0%         3d3       100%        8


Dungeon Overview and Level Annotations

Branches:
Dungeon (6/15)
 Temple: D:4-7

Altars:


Message History

The scorpion is almost dead.
You feel sick.
The orc throws a boomerang.
The boomerang misses your cerulean imp.
The boomerang hits you but does no damage.
The black bear completely misses your butterfly. x2
The black bear claws your butterfly.
Your butterfly dies!
Your butterfly disappears in a burst of colours!
Your cerulean imp hits the worm with a -3 spear.
The scorpion stings you.
You are more poisoned.
The scorpion poisons you! The worm bites you.
You take 9 damage, and have 13/40 hp.
MASSIVE DAMAGE!!
You closely miss the scorpion.
The scorpion is almost dead.
* * * LOW HITPOINT WARNING * * *
You feel very sick. The black bear bites your butterfly.
Your butterfly dies!
Your butterfly disappears in a burst of colours!
The orc throws a boomerang.
The boomerang closely misses your cerulean imp.
The boomerang hits you.
* * * LOW HITPOINT WARNING * * *
The scorpion stings you.
* * * LOW HITPOINT WARNING * * *
You are more poisoned.
The scorpion poisons you!
Your cerulean imp hits the worm but does no damage.
You take 6 damage, and have 7/40 hp.
Magic courses through your body.
* * * LOW HITPOINT WARNING * * *
You feel very sick.
The orc closely misses your cerulean imp.
An orc comes into view. It is wielding a +0 trident.
The black bear bites your butterfly.
Your butterfly dies!
Your butterfly disappears in a burst of colours!
The scorpion stings you.
You die...

#........
#........
#..bbbb..
#...bh...


#bbb.bbb. #o.bbbb.. #5wbbbb.. #@s.b...o #........ #....b... ######### You could
see a black bear (ally target), a worm (ally target), a scorpion (ally target),
2 orcs and a friendly cerulean imp (summoned).

Vanquished Creatures
  A hound (D:6)
  An adder (D:3)
  A worm (D:2)
  An orc (D:3)
  4 bats
  4 endoplasms
  3 giant cockroaches (D:1)
  A hobgoblin (D:1)
  2 jackals (D:5)
  A quokka (D:1)
  6 ball pythons
  3 frilled lizards (D:2)
  4 goblins
  6 kobolds
  5 rats
43 creatures vanquished.

Vanquished Creatures (collateral kills)
  A jelly (D:5)
  An adder (D:2)
  A dart slug (D:1)
  3 orcs (D:3)
  An endoplasm (D:1)
  A hobgoblin (D:1)
  A quokka (D:1)
  A ball python (D:1)
  2 frilled lizards (D:1)
  A kobold (D:1)
13 creatures vanquished.

Grand Total: 56 creatures vanquished

Notes
Turn   | Place    | Note
-------+----------+-------------------------------------------
     0 | D:1      | jasper the Hill Orc Wanderer began the quest for the Orb.
     0 | D:1      | jasper set off with the following items: a +0 spear, a wand
                  | of flame (6), a scroll of teleportation, a +0 robe; and the
                  | following spell memorised: Summon Small Mammal; and the
                  | following spells available to memorise: Call Imp, Summon
                  | Guardian Golem.
     0 | D:1      | Reached XP level 1. HP: 14/14 MP: 2/2
   253 | D:1      | Reached XP level 2. HP: 20/20 MP: 3/3
   359 | D:1      | Learned a level 2 spell: Call Imp
   598 | D:1      | Reached XP level 3. HP: 21/26 MP: 4/4
   974 | D:2      | Reached skill level 4 in Summonings
  1382 | D:2      | Reached XP level 4. HP: 34/34 MP: 2/5
  1933 | D:3      | You fall into a shaft and drop 3 floors!
  1959 | D:6      | Reached skill level 1 in Fighting
  1959 | D:6      | Reached skill level 1 in Armour
  1987 | D:5      | Entered Level 5 of the Dungeon
  2005 | D:5      | Reached XP level 5. HP: 40/40 MP: 3/6
  2076 | D:5      | Noticed a centaur
  2086 | D:5      | Noticed a black bear
  2103 | D:5      | HP: 2/40 [poisoned by a scorpion]
  2103 | D:5      | Slain by a scorpion

Illustrated notes

Levels and vault maps discovered:
D:1:      dpeg_arrival_simpleton_a, layout_basic
D:2:      layout_rooms, grunt_ministairs_15, st_stairs_14
D:3:      layout_loops_ring, lemuel_coloured_pillars_altar,
          ebering_ecumenical_altar_petrified
D:5:      layout_basic, old_standard_altar, serial_shops, shop
D:6:      layout_loops_cross, grunt_dithmenos_smoke

Skill      XL: |  1  2  3  4 |
---------------+-------------+-----
Summonings     | 4 |  4.3
Polearms       | 3 |  3.9
Fighting       | 1 |  1.6
Armour         | 1 |  1.3
Dodging        | |  1.0
Stealth        | |  1.0
Spellcasting   | |  1.0
Evocations     | |  2.0

Action                     |  1- 3 |  4- 6 || total
---------------------------+-------+-------++-------
  Melee: Spear             |   123 |    70 ||   193
         Punch             |     2 |       ||     2
   Cast: Summon Small Mamm |     5 |       ||     5
         Call Imp          |     6 |     9 ||    15
    Use: Scroll            |     4 |     7 ||    11
         Potion            |       |     3 ||     3
   Stab: Sleeping          |     6 |       ||     6
 Armour: Robe              |    20 |       ||    20
         Ring mail         |     7 |    37 ||    44
  Dodge: Dodged            |    62 |    19 ||    81
